[Event "Late-Titled-Tuesday-Blitz-March-12-2024"]
[Site "Chess.com"]
[Date "2024.03.12"]
[Round "10"]
[White "GWR2024"]
[Black "Josgar05"]
[Result "1-0"]
[WhiteElo "2193"]
[BlackElo "2308"]
[TimeControl "180+1"]
[EndTime "15:48:31 PDT"]
[Termination "GWR2024 won by checkmate"]

1. e4 g6 2. h4 h5 3. d4 Bg7 4.
Bc4 c5 5. Nf3 cxd4 6. c3 dxc3 7.
Nxc3 Nc6 8. Bf4 Nf6 9. e5 Ng4 10. Qe2 Qa5 11. O-O-O Ncxe5 12. Nxe5 Nxe5 13. Rhe1 Nxc4 14. Qxe7# 1-0

[Event "Late-Titled-Tuesday-Blitz-March-12-2024"]
[Site "Chess.com"]
[Date "2024.03.12"]
[Round "10"]
[White "BardArtem"]
[Black "shimastream"]
[Result "0-1"]
[WhiteElo "2783"]
[BlackElo "2995"]
[TimeControl "180+1"]
[EndTime "15:49:11 PDT"]
[Termination "shimastream won by resignation"]

1. e4 b6 2. d4 Bb7 3. Bd3 e6 4.
Qe2 Nf6 5. d5 Bc5 6. c4 d6 7.
Nf3 O-O 8. O-O Re8 9. Qc2 Nbd7 10. b3 exd5 11. exd5 c6 12. dxc6 Bxc6 13. Nbd2 Ne5 14.
Nxe5 Rxe5 15. Bb2 Rh5 16. Bxf6 Qxf6 17. Be4 Bxf2+ 18. Kh1 Rxh2+ 0-1

[Event "Late-Titled-Tuesday-Blitz-March-12-2024"]
[Site "Chess.com"]
[Date "2024.03.12"]
[Round "10"]
[White "Moultino06"]
[Black "Vadim_Galchenko"]
[Result "1-0"]
[WhiteElo "2817"]
[BlackElo "2611"]
[TimeControl "180+1"]
[EndTime "15:49:29 PDT"]
[Termination "Moultino06 won by resignation"]

1. d4 d5 2. Nc3 Nc6 3. e4 dxe4 4. d5 Ne5 5. Bf4 Ng6 6. Bg3 f5 7. Nh3 Nf6 8. Nb5 e5 9. dxe6 f4 10. Qxd8+ Kxd8 11. O-O-O+ Bd6 12. Nxf4 Nxf4 13. Bxf4 Bxe6 14. Nxc7 Kxc7 15. Rxd6 Nh5 16. Be5 Bd7 17. Rh6+ 1-0

[Event "Late-Titled-Tuesday-Blitz-March-12-2024"]
[Site "Chess.com"]
[Date "2024.03.12"]
[Round "10"]
[White "wild3000"]
[Black "ATM622"]
[Result "0-1"]
[WhiteElo "2389"]
[BlackElo "2481"]
[TimeControl "180+1"]
[EndTime "15:49:38 PDT"]
[Termination "ATM622 won by resignation"]

1. b3 e5 2. Bb2 d6 3. e4 Nf6 4. d3 c6 5. Ne2 Nbd7 6. f4 Ng4 7.
Qd2 exf4 8. Qxf4 Nde5 9. Nd2 Be7 10. O-O-O Bg5 11. Qg3 Bh4 12. Qf4 g5 13. Bxe5 gxf4 14.
Bxh8 Ne3 15. g3 Bf6 16. Bxf6 Qxf6 17. d4 Nxd1 18. Kxd1 f3 19. Nf4 Qxd4 20. Ke1 f2+ 21.
Ke2 Bg4+ 22. Nf3 Qxe4+ 0-1

[Event "Late-Titled-Tuesday-Blitz-March-12-2024"]
[Site "Chess.com"]
[Date "2024.03.12"]
[Round "10"]
[White "ChristopherYoo"]
[Black "GMKrikor"]
[Result "1-0"]
[WhiteElo "3007"]
[BlackElo "2881"]
[TimeControl "180+1"]
[EndTime "15:49:43 PDT"]
[Termination "ChristopherYoo won by resignation"]

1. d4 Nf6 2. c4 g6 3. Nc3 d5 4.
Bg5 Ne4 5. h4 Nxg5 6. hxg5 dxc4 7. e3 Bg7 8. Bxc4 c5 9. Qf3 e6 10. dxc5 Qxg5 11. Ne4 Qe7 12. Nd6+ Kf8 13. Nxc8 Qxc5 14.
Qxb7 Qxc4 15. Nd6 1-0

[Event "Late-Titled-Tuesday-Blitz-March-12-2024"]
[Site "Chess.com"]
[Date "2024.03.12"]
[Round "10"]
[White "xasid81"]
[Black "AlexTruskavetsky"]
[Result "1-0"]
[WhiteElo "2590"]
[BlackElo "2669"]
[TimeControl "180+1"]
[EndTime "15:49:56 PDT"]
[Termination "xasid81 won by resignation"]

1. Nf3 Nf6 2. b4 e6 3. a3 c5 4. bxc5 Bxc5 5. d4 Be7 6. c4 d5 7. cxd5 exd5 8. Bd2 O-O 9. Nc3 b6 10. e3 Ba6 11. Bxa6 Nxa6 12. O-O Nc7 13. Ne5 Bd6 14. f4 Nd7 15. Qb3 Nf6 16. a4 Ne6 17. Nb5 Bxe5 18. fxe5 Ne4 19. Bb4 Re8 20. Nd6 Nxd6 21. Bxd6 Qg5 22. Rf3 Rad8 23. Qxd5 Rd7 24. Raf1 Red8 25.
Qxe6 h5 26. Rxf7 Qxe3+ 27. Kh1 Rxf7 28. Qxf7+ Kh7 29. Qxh5+ Kg8 30. Qf7+ Kh7 31. Qf4 Qxf4 32. Rxf4 Rc8 33. h4 Rc4 34. e6 Rxa4 35. e7 Ra1+ 36. Kh2 Re1 37. Be5 Rxe5 38. dxe5 1-0

[Event "Late-Titled-Tuesday-Blitz-March-12-2024"]
[Site "Chess.com"]
[Date "2024.03.12"]
[Round "10"]
[White "Knjazj"]
[Black "rikchessmx"]
[Result "0-1"]
[WhiteElo "2007"]
[BlackElo "2271"]
[TimeControl "180+1"]
[EndTime "15:50:01 PDT"]
[Termination "rikchessmx won by checkmate"]

1. e4 e5 2. Nf3 Nc6 3. Bc4 Bc5 4. c3 Qf6 5. O-O h6 6. d3 d6 7. Be3 Nge7 8. Bxc5 dxc5 9. b3 O-O 10.
Nbd2 Ng6 11. Bd5 Nce7 12. Bc4 Nf4 13. b4 cxb4 14. cxb4 Bg4 15. g3 Nh3+ 16. Kg2 Rad8 17. Qb3 c6 18. Qc3 Ng6 19. Ng1 Nhf4+ 20. gxf4 Nxf4+ 21. Kh1 Qg6 22. Qxe5 Bf3+ 23. Ndxf3 Qg2# 0-1

[Event "Late-Titled-Tuesday-Blitz-March-12-2024"]
[Site "Chess.com"]
[Date "2024.03.12"]
[Round "10"]
[White "matagordo"]
[Black "Heydarli77"]
[Result "0-1"]
[WhiteElo "2296"]
[BlackElo "2406"]
[TimeControl "180+1"]
[EndTime "15:50:10 PDT"]
[Termination "Heydarli77 won by resignation"]

1. d4 d5 2. Bf4 Nf6 3. e3 Bf5 4.
c4 e6 5. Qb3 Qc8 6. Nc3 dxc4 7. Bxc4 Nbd7 8. Nf3 Nb6 9. Be2 Bd6 10. Ne5 O-O 11. O-O Nfd5 12. Bg3 h6 13. a4 Bxe5 14. Bxe5 c6 15. Rac1 Nd7 16. Bg3 Bg6 17. Bf3 a5 18. Nxd5 exd5 19. Bxd5 Nf6 20. Bf3 Ne4 21. d5 Nd2 22. Qb6 Nxf1 23. dxc6 Nxg3 24.
cxb7 Qxc1+ 0-1

[Event "Late-Titled-Tuesday-Blitz-March-12-2024"]
[Site "Chess.com"]
[Date "2024.03.12"]
[Round "10"]
[White "Mikayel99"]
[Black "Alexei_Gubajdullin"]
[Result "0-1"]
[WhiteElo "2554"]
[BlackElo "2658"]
[TimeControl "180+1"]
[EndTime "15:50:15 PDT"]
[Termination "Alexei_Gubajdullin won by resignation"]

1. e4 g6 2. Nf3 Bg7 3. d4 d6 4. Nc3 a6 5. a4 Nf6 6. Be2 O-O 7. O-O b6 8. h3 Bb7 9. d5 c6 10.
Bc4 Nbd7 11. Re1 Qc8 12. dxc6 Bxc6 13. Bd5 e6 14. Bxc6 Qxc6 15. Bf4 e5 16. Bg5 b5 17. Bxf6 Nxf6 18. Qd3 b4 19. Nd1 Rac8 20. Re2 Rfe8 21.
b3 d5 22. Ng5 h6 23. exd5 Nxd5 24. Ne4 f5 25. Ng3 e4 0-1

[Event "Late-Titled-Tuesday-Blitz-March-12-2024"]
[Site "Chess.com"]
[Date "2024.03.12"]
[Round "10"]
[White "lamomiajunior"]
[Black "Lady_Nika"]
[Result "1-0"]
[WhiteElo "2783"]
[BlackElo "2589"]
[TimeControl "180+1"]
[EndTime "15:50:28 PDT"]
[Termination "lamomiajunior won by resignation"]

1. d4 d5 2. Nc3 e6 3. Bf4 Bd6 4. e3 f5 5. Nf3 Nf6 6. Bd3 O-O 7. O-O Ne4 8. Ne2 Nd7 9. c4 Qe7 10. Rc1 c6 11. h3 Bb8 12. Bxb8 Rxb8 13. Ne1 a6 14. f3 Nd6 15. c5 Nf7 16. f4 Nf6 17. Nf3 b6 18. cxb6 Rxb6 19. b3 Bd7 20. Ne5 Nxe5 21.
fxe5 Ne4 22. Bxe4 fxe4 23. Rxf8+ Qxf8 24. Qd2 Qa3 25. Rc5 h6 26. Ra5 Qe7 27. Rc5 Qg5 28. Nf4 Qg3 29. Qf2 Qxf2+ 30. Kxf2 Rb5 31. Rc3 Kf7 32. Ne2 Ke7 33. Ke1 Be8 34. Kd2 a5 35. Rc1 Kd7 36. Nc3 Rb8 37. Na4 Ke7 38. Nc5 Rb4 39.
Kc3 Bh5 40. g4 Be8 41. a3 Rb6 42. b4 axb4+ 43. axb4 Bf7 44. Ra1 Rb8 45. Ra7+ Ke8 46. Kb3 g5 47. Ka4 Rb5 48. Nd7 Kd8 49. Nf6 Bg6 50. Rg7 1-0

[Event "Late-Titled-Tuesday-Blitz-March-12-2024"]
[Site "Chess.com"]
[Date "2024.03.12"]
[Round "10"]
[White "HansOnTwitch"]
[Black "CarlosAlbornoz"]
[Result "0-1"]
[WhiteElo "3086"]
[BlackElo "2849"]
[TimeControl "180+1"]
[EndTime "15:50:41 PDT"]
[Termination "CarlosAlbornoz won by resignation"]

1. e4 c5 2. Nf3 Nc6 3. Bb5 d6 4. O-O Bd7 5. Re1 Nf6 6. h3 Ne5 7. Bf1 Nxf3+ 8. Qxf3 g5 9. Qd1 g4 10. hxg4 Nxg4 11. d3 e5 12. Nd2 Qh4 13. Nf3 Qxf2+ 14.
Kh1 Qg3 15. Qe2 Rg8 16. Kg1 Rg6 17. Be3 Rh6 18. b4 f5 19. exf5 Bc6 0-1

[Event "Late-Titled-Tuesday-Blitz-March-12-2024"]
[Site "Chess.com"]
[Date "2024.03.12"]
[Round "10"]
[White "TheAlienParty"]
[Black "ritanovikova"]
[Result "1-0"]
[WhiteElo "2395"]
[BlackElo "2264"]
[TimeControl "180+1"]
[EndTime "15:50:57 PDT"]
[Termination "TheAlienParty won by checkmate"]

1. c4 Nf6 2. Nc3 e5 3. Nf3 Nc6 4. e4 a6 5. d4 exd4 6. Nxd4 Nxd4 7. Qxd4 b6 8. Bg5 Bc5 9. Qe5+ Qe7 10. Bxf6 gxf6 11.
Qxe7+ Bxe7 12. O-O-O Bb7 13. f3 O-O-O 14. Be2 Rhg8 15.
g4 Bd6 16. h4 Bf4+ 17. Kc2 h5 18. gxh5 Rh8 19. Nd5 Bxd5 20. Rxd5 Rde8 21. Rf5 Be5 22. f4 Bd4 23. Bf3 Rh6 24. b3 Rg8 25. Kd3 c5 26. Ke2 Kc7 27. Rd5 d6 28. Rh2 Rg3 29. Rg2 Rh3 30.
Rg7 Rxh4 31. Rxf7+ Kc6 32. e5 Rh2+ 33. Kd1 Rf2 34. Rxd6# 1-0

[Event "Late-Titled-Tuesday-Blitz-March-12-2024"]
[Site "Chess.com"]
[Date "2024.03.12"]
[Round "10"]
[White "Pachonpower"]
[Black "APOKALIPSA13"]
[Result "0-1"]
[WhiteElo "2314"]
[BlackElo "2211"]
[TimeControl "180+1"]
[EndTime "15:51:04 PDT"]
[Termination "APOKALIPSA13 won by checkmate"]

1. e4 e6 2. c4 c5 3. g3 Nc6 4. Bg2 Nf6 5. Ne2 d5 6. cxd5 exd5 7. exd5 Nxd5 8. O-O Bg4 9. f3 Be6 10. Nbc3 c4 11.
f4 Bc5+ 12. Kh1 Ndb4 13. Ne4 Bb6 14. N2c3 h6 15. f5 Bc8 16. f6 g5 17. b3 h5 18.
Ba3 a5 19. Qe2 Nd4 20. Qxc4 Be6 21. Qxe6+ Nxe6 22. Nb5 O-O 23. Rf5 Nc2 24. Bxf8 Nxa1 25. Be7 Qd3 26. Ned6 Rc8 27. Nxc8 Qxf5 28. h3 Qb1+ 29. Kh2 Qg1# 0-1

[Event "Late-Titled-Tuesday-Blitz-March-12-2024"]
[Site "Chess.com"]
[Date "2024.03.12"]
[Round "10"]
[White "BabageldiAnnaberdiyev"]
[Black "yobdc"]
[Result "0-1"]
[WhiteElo "2646"]
[BlackElo "2583"]
[TimeControl "180+1"]
[EndTime "15:51:21 PDT"]
[Termination "yobdc won by resignation"]

1. e4 c6 2. d4 d5 3. Nd2 dxe4 4. Nxe4 Nf6 5. Nxf6+ exf6 6. Bc4 Bd6 7. Qe2+ Qe7 8. Qxe7+ Kxe7 9. Ne2 Re8 10. Bf4 Bxf4 11. Nxf4 Kd6+ 12. Kd2 Be6 13. Bd3 g6 14. c4 Nd7 15.
Rhe1 c5 16. d5 Bf5 17. Bxf5 gxf5 18. Nd3 Re4 19. b3 Ne5 20. Nxe5 fxe5 21. f3 Rd4+ 22. Kc3 f4 23. a4 Rg8 24. Re2 a5 25. Rae1 f6 26.
Kc2 h5 27. Rd1 h4 28. h3 f5 29. Rxd4 cxd4 30. Kd3 b6 31. Kc2 Re8 32. Kd3 Re7 33. Re1 Rg7 34. Re2 Rg3 35. Kc2 e4 36. Rf2 d3+ 37. Kc3 e3 38. Ra2 d2 0-1

[Event "Late-Titled-Tuesday-Blitz-March-12-2024"]
[Site "Chess.com"]
[Date "2024.03.12"]
[Round "10"]
[White "Defenstrator"]
[Black "IngOscarArdila"]
[Result "1-0"]
[WhiteElo "2428"]
[BlackElo "2339"]
[TimeControl "180+1"]
[EndTime "15:51:21 PDT"]
[Termination "Defenstrator won on time"]

1. Nf3 Nf6 2. Ne5 d6 3. Nxf7 Kxf7 4. e4 e5 5. Nc3 Be6 6. f4 exf4 7. d4 Be7 8. Bxf4 Re8 9. Bd3 Kg8 10. O-O Bg4 11.
Qe1 Nc6 12. Qh4 Qd7 13. h3 Be6 14. e5 dxe5 15. dxe5 Qd4+ 16. Kh1 Nxe5 17. Nb5 Qb4 18.
a3 1-0

[Event "Late-Titled-Tuesday-Blitz-March-12-2024"]
[Site "Chess.com"]
[Date "2024.03.12"]
[Round "10"]
[White "Divljasvinja14"]
[Black "Cmorales2001"]
[Result "1-0"]
[WhiteElo "2474"]
[BlackElo "2372"]
[TimeControl "180+1"]
[EndTime "15:51:23 PDT"]
[Termination "Divljasvinja14 won by resignation"]

1. c4 c5 2. Nf3 Nf6 3. d4 cxd4 4. Nxd4 g6 5. Nc3 Bg7 6. e4 d6 7. Be2 Nc6 8. Be3 O-O 9. O-O Bd7 10.
Qd2 Nxd4 11. Bxd4 Bc6 12. f3 Nd7 13. Be3 a5 14. b3 f5 15. exf5 Rxf5 16. f4 Nc5 17.
Rad1 Ne4 18. Nxe4 Bxe4 19. Bg4 Rf8 20. Be6+ Kh8 21. Bd4 Bf5 22. Bd5 Qd7 23. Rfe1 a4 24.
b4 Rac8 25. Re3 e6 26. Bxg7+ Kxg7 27. Qd4+ Kg8 28. Bf3 Rcd8 29. g4 Qe7 30. gxf5 Rxf5 31. Bg4 Rf6 32. Rde1 1-0

[Event "Late-Titled-Tuesday-Blitz-March-12-2024"]
[Site "Chess.com"]
[Date "2024.03.12"]
[Round "10"]
[White "ITheOnlyME"]
[Black "Alex_Banzea"]
[Result "1-0"]
[WhiteElo "2436"]
[BlackElo "2628"]
[TimeControl "180+1"]
[EndTime "15:51:25 PDT"]
[Termination "ITheOnlyME won by checkmate"]

1. d4 Nf6 2. Bf4 g6 3. Nc3 d5 4. e3 Bg7 5. h4 O-O 6. h5 c5 7. hxg6 fxg6 8. dxc5 Nc6 9. Nf3 Qa5 10. Qd2 Qxc5 11.
Bc7 Ne4 12. Qxd5+ Qxd5 13. Nxd5 Bxb2 14. Rb1 Bg7 15. Bc4 e6 16. Nf4 Bc3+ 17. Ke2 Bf6 18. Nxe6 Bxe6 19. Bxe6+ Kh8 20. Rxb7 Nc3+ 21. Kf1 a5 22.
Bxa5 Ra7 23. Rhxh7# 1-0

[Event "Late-Titled-Tuesday-Blitz-March-12-2024"]
[Site "Chess.com"]
[Date "2024.03.12"]
[Round "10"]
[White "Perecke"]
[Black "Practical-Play"]
[Result "1-0"]
[WhiteElo "2624"]
[BlackElo "2474"]
[TimeControl "180+1"]
[EndTime "15:51:26 PDT"]
[Termination "Perecke won by resignation"]

1. e4 c5 2. Nf3 a6 3. c4 Nc6 4. Nc3 e5 5. g3 d6 6. Bg2 g6 7. O-O Bg7 8. d3 Nge7 9. Ne1 O-O 10. Nc2 f5 11. exf5 gxf5 12. f4 Ng6 13. fxe5 Bxe5 14.
Nd5 Be6 15. Nf4 Nxf4 16. Bxf4 Qc7 17. Ne3 Bxb2 18. Rb1 Bd4 19. Kh1 Rab8 20. Nd5 Bxd5 21. Bxd5+ Kh8 22. Qh5 Ne5 23. Bh6 Nxd3 24. Rxf5 Rxf5 25.
Qxf5 Nf2+ 26. Kg2 Qe7 27. Rf1 b5 28. Bg5 Qf8 29. Rxf2 1-0

[Event "Late-Titled-Tuesday-Blitz-March-12-2024"]
[Site "Chess.com"]
[Date "2024.03.12"]
[Round "10"]
[White "AlexeiShirov"]
[Black "SaqoChess_Twitch"]
[Result "0-1"]
[WhiteElo "2855"]
[BlackElo "2686"]
[TimeControl "180+1"]
[EndTime "15:51:30 PDT"]
[Termination "SaqoChess_Twitch won by resignation"]

1. e4 c5 2. Nf3 d6 3. d4 cxd4 4.
Nxd4 Nf6 5. Nc3 g6 6. Be3 Bg7 7.
f3 O-O 8. Qd2 Nc6 9. O-O-O d5 10. exd5 Nxd5 11. Nxc6 bxc6 12. Bd4 e5 13. Bc5 Be6 14.
Ne4 Re8 15. h4 h6 16. g4 Qc7 17. h5 g5 18. Bc4 Red8 19. Qf2 Nf4 20. Bxe6 Nxe6 21. Ba3 Rd5 22. Nc3 Rd4 23. Ne2 c5 24. Nxd4 exd4 25. Rhe1 c4 26. Re4 Rd8 27. Qe1 Qc6 28.
c3 Qa6 29. Kb1 Rb8 30. cxd4 Qxa3 31. Qe2 c3 32. b3 Rxb3+ 33. axb3 Qxb3+ 34. Kc1 Bf8 0-1

[Event "Late-Titled-Tuesday-Blitz-March-12-2024"]
[Site "Chess.com"]
[Date "2024.03.12"]
[Round "10"]
[White "reevecanada"]
[Black "TigrVShlyape"]
[Result "0-1"]
[WhiteElo "2645"]
[BlackElo "2892"]
[TimeControl "180+1"]
[EndTime "15:51:33 PDT"]
[Termination "TigrVShlyape won by checkmate"]

1. e4 e5 2. Nf3 Nc6 3. d4 exd4 4.
Nxd4 Bc5 5. Nb3 Bb6 6. Nc3 Nge7 7. Qe2 O-O 8. Be3 f5 9. O-O-O f4 10. Bxb6 axb6 11.
f3 d6 12. Kb1 Be6 13. Nd4 Nxd4 14. Rxd4 Nc6 15. Rd1 Ne5 16. Qe1 Qe7 17. Be2 c6 18. a3 b5 19. Qd2 Rad8 20. Qc1 Rf6 21. Rd2 Kh8 22. h3 Bg8 23. Qe1 Ra8 24. Qd1 Qc7 25.
Re1 Qa5 26. Rxd6 b4 27. Rxf6 bxc3 28. Rf5 cxb2 29. Qd4 Ba2+ 30. Kxb2 Qxa3+ 31. Ka1 Bb3+ 32. Kb1 Qa2+ 33. Kc1 Qxc2# 0-1

[Event "Late-Titled-Tuesday-Blitz-March-12-2024"]
[Site "Chess.com"]
[Date "2024.03.12"]
[Round "10"]
[White "chessamical"]
[Black "jcmesafischer"]
[Result "1-0"]
[WhiteElo "2233"]
[BlackElo "2356"]
[TimeControl "180+1"]
[EndTime "15:51:39 PDT"]
[Termination "chessamical won on time"]

1. d4 Nf6 2. Bg5 d5 3. Bxf6 gxf6 4. e3 c5 5. c4 cxd4 6. Qxd4 Qa5+ 7. Nc3 dxc4 8. Bxc4 Nc6 9. Qd5 e6 10. Qxa5 Nxa5 11.
Bb5+ Ke7 12. Nge2 1-0

[Event "Late-Titled-Tuesday-Blitz-March-12-2024"]
[Site "Chess.com"]
[Date "2024.03.12"]
[Round "10"]
[White "N4700000"]
[Black "Yushko_Olga"]
[Result "1-0"]
[WhiteElo "2495"]
[BlackElo "2211"]
[TimeControl "180+1"]
[EndTime "15:51:42 PDT"]
[Termination "N4700000 won by resignation"]

1. e4 e6 2. d4 d5 3. Nc3 Nf6 4.
Bg5 dxe4 5. Nxe4 Be7 6. Bxf6 Bxf6 7. Nf3 O-O 8. c3 g6 9. Bd3 Bg7 10. h4 f5 11. Neg5 h6 12. Nh3 c5 13. dxc5 Qc7 14. Qe2 Qxc5 15. Nf4 Bxc3+ 16. Kf1 Bg7 17. Nxe6 Bxe6 18.
Qxe6+ Kh7 19. Ng5+ Kh8 20. Qxg6 hxg5 21. hxg5+ Kg8 22.
Qe6+ Rf7 23. g6 Qe7 24. Bc4 Nc6 25. Qxf7+ Qxf7 26. gxf7+ Kf8 27. Rd1 Ne5 28. Bb3 Nxf7 29. Rd7 Ng5 30. Rh5 Ne4 31. Rxf5+ Ke8 32. Rxg7 1-0

[Event "Late-Titled-Tuesday-Blitz-March-12-2024"]
[Site "Chess.com"]
[Date "2024.03.12"]
[Round "10"]
[White "Bryanl106"]
[Black "ContrVersia"]
[Result "0-1"]
[WhiteElo "2679"]
[BlackElo "2874"]
[TimeControl "180+1"]
[EndTime "15:51:52 PDT"]
[Termination "ContrVersia won by resignation"]

1. e4 c5 2. Nf3 a6 3. d4 cxd4 4. Nxd4 Nf6 5. Nc3 e5 6. Nf5 d5 7. Bg5 d4 8. Bxf6 Qxf6 9. Nd5 Qc6 10. Qf3 g6 11. Ng3 Bg7 12. Bd3 h5 13. h3 Be6 14.
O-O Nd7 15. Rfe1 Nb6 16. Nf6+ Ke7 17. Nd5+ Nxd5 18. exd5 Bxd5 19. Be4 Rad8 20. Qa3+ Qd6 21. Qf3 Bxe4 22. Nxe4 Qc6 23. Qa3+ Ke8 24. f4 f5 25. Ng5 e4 26. Rad1 Rd7 27. Qb3 Qd5 28. c4 Qc6 29. c5 Qd5 30. Qb6 Qc6 31. Qb3 Bf6 32.
Qg3 Kd8 33. b4 d3 34. Kh1 Kc8 35. Qe3 Rhd8 36. Qc1 d2 0-1

[Event "Late-Titled-Tuesday-Blitz-March-12-2024"]
[Site "Chess.com"]
[Date "2024.03.12"]
[Round "10"]
[White "Alphafischer2019"]
[Black "Msb2"]
[Result "0-1"]
[WhiteElo "2756"]
[BlackElo "3017"]
[TimeControl "180+1"]
[EndTime "15:51:53 PDT"]
[Termination "Msb2 won by resignation"]

1. Nf3 d5 2. g3 e6 3. Bg2 Nf6 4. O-O Bd6 5. d3 O-O 6. Nbd2 Nc6 7. e4 dxe4 8. dxe4 e5 9. Qe2 b6 10. c3 a5 11. Rd1 Ba6 12. Nc4 Qe7 13. b3 Bc5 14.
Nh4 Qe6 15. Nf5 g6 16. Nfe3 Bxe3 17. Bxe3 Rad8 18. h3 Kg7 19. Bf1 Nxe4 20. Qc2 Nf6 21. Rxd8 Rxd8 22. Nxe5 Nxe5 23. Bxa6 Qxh3 24. Be2 Neg4 25.
Bxg4 Nxg4 26. Re1 Qh2+ 27. Kf1 Qh1+ 28. Ke2 Nxe3 29. Qc1 Qh5+ 30. Kxe3 Qf5 31. Qb1 Re8+ 32. Kd4 Qxf2+ 33. Kc4 Rxe1 0-1

[Event "Late-Titled-Tuesday-Blitz-March-12-2024"]
[Site "Chess.com"]
[Date "2024.03.12"]
[Round "10"]
[White "Quattroporte300"]
[Black "IMRosen"]
[Result "0-1"]
[WhiteElo "2486"]
[BlackElo "2660"]
[TimeControl "180+1"]
[EndTime "15:51:53 PDT"]
[Termination "IMRosen won on time"]

1. e4 e5 2. Nf3 Nf6 3. Nc3 Bc5 4.
Bc4 Nc6 5. d3 d6 6. Bg5 h6 7.
Bh4 g5 8. Bg3 Bg4 9. h3 Bh5 10.
Na4 Nd4 11. Nxc5 Nxf3+ 12. gxf3 dxc5 13. Bxe5 Qe7 14. Bc3 c6 15. a4 O-O-O 16. Qe2 Rhe8 17. O-O-O Nd5 18. Bxd5 cxd5 19. h4 d4 20. hxg5 dxc3 21. Rxh5 cxb2+ 22. Kxb2 hxg5 23. c4 Rd6 24. Kc2 Qe5 25.
Rb1 Red8 26. Rb3 Qa1 27. Qe3 Qa2+ 28. Rb2 Qxa4+ 29. Kb1 Qd1+ 30. Qc1 Qxd3+ 31. Qc2 Qf1+ 32. Ka2 Ra6+ 33. Kb3 Rd3+ 0-1

[Event "Late-Titled-Tuesday-Blitz-March-12-2024"]
[Site "Chess.com"]
[Date "2024.03.12"]
[Round "10"]
[White "ShahMatKanal"]
[Black "Ready4abattle"]
[Result "0-1"]
[WhiteElo "2475"]
[BlackElo "2414"]
[TimeControl "180+1"]
[EndTime "15:51:56 PDT"]
[Termination "Ready4abattle won by resignation"]

1. b4 e6 2. Bb2 Nf6 3. b5 d5 4. a4 Bd6 5. e3 O-O 6. f4 Nbd7 7. Nf3 c5 8. g4 Nxg4 9. Rg1 Ngf6 10. Qe2 Qe7 11.
Qg2 g6 12. Ne5 Bxe5 13. fxe5 Nh5 14. Be2 Qh4+ 15. Kd1 Ng7 16. a5 f6 17. exf6 Nxf6 18. Nc3 Bd7 19. Ra4 Qh6 20. Rf4 e5 21. Rxf6 Rxf6 22.
Qxd5+ Be6 23. Qxb7 Rd8 24. b6 Qxe3 25. Bd3 Qxg1+ 26.
Ke2 Bg4+ 0-1

[Event "Late-Titled-Tuesday-Blitz-March-12-2024"]
[Site "Chess.com"]
[Date "2024.03.12"]
[Round "10"]
[White "Slovak_fighter2000"]
[Black "Rinqed222"]
[Result "0-1"]
[WhiteElo "2598"]
[BlackElo "2404"]
[TimeControl "180+1"]
[EndTime "15:52:01 PDT"]
[Termination "Rinqed222 won by checkmate"]

1. c4 Nf6 2. Nc3 g6 3. d4 Bg7 4.
e4 d6 5. Be2 O-O 6. Nf3 e5 7. Be3 Ng4 8. Bg5 f6 9. Bh4 Nc6 10. d5 Ne7 11. Nd2 f5 12. O-O a6 13.
Bxg4 fxg4 14. Re1 h6 15. Nf1 g5 16. Bg3 Ng6 17. Ne3 h5 18. h3 h4 19. Bh2 gxh3 20.
g3 Qf6 21. Qe2 Bd7 22. Rf1 Rf7 23. b4 Raf8 24. c5 Nf4 25. gxf4 gxf4 26. Nf5 Bxf5 27. exf5 Qg5+ 28. Kh1 Qg2# 0-1

[Event "Late-Titled-Tuesday-Blitz-March-12-2024"]
[Site "Chess.com"]
[Date "2024.03.12"]
[Round "10"]
[White "PNEPaul"]
[Black "ZachHKL"]
[Result "0-1"]
[WhiteElo "1947"]
[BlackElo "2144"]
[TimeControl "180+1"]
[EndTime "15:52:03 PDT"]
[Termination "ZachHKL won by resignation"]

1. e4 c5 2. Nf3 d6 3. d4 cxd4 4.
c3 dxc3 5. Nxc3 Nc6 6. Bc4 e6 7. O-O Nf6 8. Qe2 Be7 9. Rd1 Qc7 10. Bg5 a6 11. a3 h6 12. Bh4 O-O 13. Rac1 Rd8 14. b4 Qb6 15. Ba2 Bd7 16. Bb1 Be8 17. Qc2 Rac8 18. h3 Rc7 19. Bxf6 Bxf6 20. Nd5 exd5 21.
exd5 g6 22. dxc6 Bxc6 23. Qd2 Bxf3 24. gxf3 Kg7 25. Be4 d5 26. Rxc7 dxe4 27. Qxd8 Bxd8 28. Rxd8 Qxc7 0-1

[Event "Late-Titled-Tuesday-Blitz-March-12-2024"]
[Site "Chess.com"]
[Date "2024.03.12"]
[Round "10"]
[White "MaiqMaster"]
[Black "Bugcrusher"]
[Result "1-0"]
[WhiteElo "2429"]
[BlackElo "2512"]
[TimeControl "180+1"]
[EndTime "15:52:04 PDT"]
[Termination "MaiqMaster won by resignation"]

1. e4 c6 2. d4 d5 3. e5 c5 4. dxc5 e6 5. a3 Bxc5 6. Nf3 Ne7 7. Bd3 Nbc6 8. b4 Bb6 9. O-O Ng6 10. Bb2 Bc7 11. Re1 Nh4 12. Nxh4 Qxh4 13. Nd2 O-O 14. Nf3 Qh5 15. Qe2 f6 16. exf6 gxf6 17. Nd4 Qxe2 18. Rxe2 Nxd4 19. Bxd4 e5 20. Bb2 e4 21.
Bb5 Be6 22. c4 a6 23. cxd5 Bxd5 24. Ba4 f5 25. Rd1 Be6 26. Red2 Rad8 27. Rxd8 Rxd8 28.
Rxd8+ Bxd8 29. Kf1 Bc4+ 30. Ke1 Bb6 31. Bd1 Kf7 32.
Bh5+ Ke6 33. h4 f4 34. Bg4+ Kd6 35. Bf5 e3 36. fxe3 fxe3 37. Bxh7 Ke6 38. g4 e2 39. Bg8+ 1-0

[Event "Late-Titled-Tuesday-Blitz-March-12-2024"]
[Site "Chess.com"]
[Date "2024.03.12"]
[Round "10"]
[White "Zhigalko_Sergei"]
[Black "only_strong_moves"]
[Result "1-0"]
[WhiteElo "2862"]
[BlackElo "2574"]
[TimeControl "180+1"]
[EndTime "15:52:09 PDT"]
[Termination "Zhigalko_Sergei won by resignation"]

1. e4 c5 2. Nf3 e6 3. c3 d5 4.
exd5 exd5 5. d4 Nf6 6. Bb5+ Bd7 7. Bxd7+ Nbxd7 8. O-O cxd4 9. Nxd4 Be7 10. Nf5 O-O 11. Bg5 Re8 12. Nd2 Bf8 13. Nf3 Qb6 14. Qb3 Qc7 15.
Rad1 Nc5 16. Qc2 Nce4 17. Ne3 Rad8 18. Bh4 Bc5 19. Rfe1 Bb6 20. Nf5 Qc8 21. N3d4 g6 22.
Bxf6 Nxf6 23. Ne7+ Rxe7 24. Rxe7 Kf8 25. Re2 Qg4 26.
f3 Qf4 27. Qd2 Qd6 28. Kh1 Kg7 29. Qg5 Nh5 30. Nf5+ 1-0

[Event "Late-Titled-Tuesday-Blitz-March-12-2024"]
[Site "Chess.com"]
[Date "2024.03.12"]
[Round "10"]
[White "BeanScreen"]
[Black "Lion-Al-Messi"]
[Result "0-1"]
[WhiteElo "2712"]
[BlackElo "2610"]
[TimeControl "180+1"]
[EndTime "15:52:10 PDT"]
[Termination "Lion-Al-Messi won by checkmate"]

1. e4 e6 2. d4 d5 3. Nc3 Nf6 4. Bg5 dxe4 5. Nxe4 Be7 6. Bxf6 gxf6 7. Nf3 f5 8. Nc3 a6 9. Qe2 b5 10. O-O-O b4 11.
Na4 Qd5 12. Kb1 Nd7 13. b3 Bb7 14. Qe3 O-O-O 15. Bc4 Qe4 16. Qd2 Rhg8 17. Rhe1 Qc6 18. Qe2 Nf6 19. Ne5 Qe4 20. Nxf7 Rdf8 21. Bxe6+ Kb8 22.
Ne5 Qxe2 23. Rxe2 Rxg2 24. Nc5 Bxc5 25. dxc5 Re8 26. c6 Ne4 27. Rxe4 fxe4 28. cxb7 Rxe6 29.
Nc6+ Rxc6 30. Rd2 Kxb7 31. Re2 Rf6 32. Rxe4 a5 33. f4 Rd6 34. Rc4 Rd1+ 35. Kb2 Rgg1 36.
c3 Rd2# 0-1